 Dungeon Crawl Stone Soup version 0.30.1-11-g7821555f0a (webtiles) character file.

Game seed: 6656511894014654787

17762 lonewolfV2 the Blocker (level 12, -6/94 HPs)
             Began as a Formicid Fighter on Dec 6, 2023.
             Was a Believer of Qazlal.
             Mangled by Rupert
             ... wielding a +1 great mace of protection
              (36 damage)
             ... on level 13 of the Dungeon.
             The game lasted 00:19:53 (12655 turns).

lonewolfV2 the Blocker (Formicid Fighter)          Turns: 12655, Time: 00:19:54

Health: -6/94      AC: 20    Str: 30    XL:     12   Next: 86%
Magic:  14/19      EV: 12    Int:  8    God:    Qazlal [**....]
Gold:   1026       SH: 21    Dex: 15    Spells: 11/11 levels left

rFire   . . .        a - +1 war axe (vamp)
rCold   . . .        n - +0 tower shield
rNeg    . . .        C - +0 plate armour
rPois   .            (helmet unavailable)
rElec   .            t - +1 cloak
rCorr   .            (no gloves)
SInv    +            v - +1 pair of boots
Will    +....        d - amulet of regeneration Stlth
                     f - +6 ring of strength
HPRegen 1.15/turn    x - +5 ring of evasion
MPRegen 0.16/turn

%: no passive effects
@: unable to read
A: permanent stasis, dig shafts and tunnels, antennae 3, four strong arms,
screaming 1, inability to read after injury 1
a: Dig, Shaft Self, Renounce Religion, Upheaval


You were on level 13 of the Dungeon.
You worshipped Qazlal.
Qazlal was pleased with you.
You visited 2 branches of the dungeon, and saw 14 of its levels.
You also visited: Sewer and Ossuary.

You collected 1026 gold pieces.

Inventory:

Hand Weapons
 a - a +1 vampiric war axe (weapon)
 E - a +3 war axe
Missiles
 F - 2 throwing nets
Armour
 n - a +0 tower shield (worn)
 t - a +1 cloak (worn)
 v - a +1 pair of boots (worn)
 C - a +0 plate armour (worn)
Magical Staves
 r - the staff of conjuration "Joxeotsu" {rF+ Str+6 Int+4 Dex+3}
   (You found it on level 7 of the Dungeon)

   [staff of conjuration]

   Base accuracy: +5 Base damage: 5 Base attack delay: 1.2 This weapon's minimum
   attack delay (0.6) is reached at skill level 12.
   Str:       It affects your strength (+6).
   Int:       It affects your intelligence (+4).
   Dex:       It affects your dexterity (+3).
   rF:        It protects you from fire.
   It falls into the 'Staves' category.
   It is a weapon for one hand-pair.
Jewellery
 c - a ring of protection from cold
 d - an amulet of regeneration (around neck)
 f - a +6 ring of strength (left hand)
 i - a ring of ice
 s - a +6 ring of intelligence
 x - a +5 ring of evasion (right hand)
Wands
 q - a wand of polymorph (10)
 w - a wand of flame (19)
 A - a wand of paralysis (16)
 G - a wand of roots (7)
Scrolls
 e - 7 scrolls of poison
 h - a scroll of fog
 l - a scroll of amnesia
 o - 2 scrolls of vulnerability
 u - 6 scrolls of enchant weapon
 y - 5 scrolls of enchant armour
 B - 4 scrolls of identify
 D - a scroll of magic mapping
Potions
 b - 2 potions of brilliance
 g - 3 potions of attraction
 j - 2 potions of degeneration
 m - 8 potions of curing
 p - 5 potions of mutation


   Skills:
 * Level 8.8 Fighting
 - Level 11.0 Axes
 - Level 11.6 Armour
 - Level 13.6 Shields
 - Level 10.2 Invocations


You had 11 spell levels left.
You didn't know any spells.
Your spell library contained the following spells:

 Spells                   Type           Power      Damage    Failure   Level
 Summon Small Mammal      Summ           0%         N/A       100%        1
 Call Canine Familiar     Summ           0%         N/A       100%        3
 Ozocubu's Armour         Ice            0%         N/A       100%        3
 Summon Guardian Golem    Hex/Summ       0%         N/A       100%        3
 Alistair's Intoxication  Tmut/Pois      0%         N/A       100%        5
 Borgnjor's Vile Clutch   Necr/Erth      0%         N/A       100%        5
 Eringya's Noxious Bog    Tmut/Pois      0%         N/A       100%        6
 Ozocubu's Refrigeration  Ice            0%         4d7       100%        7


Dungeon Overview and Level Annotations

Branches:
Dungeon (13/15)            Temple (1/1) D:6            Lair (0/5) D:11
    Orc (0/2) D:12          Sewer (visited)         Ossuary (visited)
 Vaults: D:13-14

Altars:
Ashenzari
Cheibriados
Dithmenos
Elyvilon
Fedhas
Gozag
Hepliaklqana
Kikubaaqudgha
Makhleb
Nemelex Xobeh
Okawaru
Qazlal
Ru
Sif Muna
Trog
Uskayaw
Vehumet
Wu Jian
Xom
Yredelemnul
Zin
The Shining One

Shops:
D:6 [(   D:10 :

Annotations:
D:3 3 runed translucent doors, MoonRiver's ghost, amateur MiMo
D:13 Rupert


Innate Abilities, Weirdness & Mutations

You cannot be hasted, slowed, berserked, paralysed or teleported.
You can dig through walls and to a lower floor.
You have a pair of large antennae on your head. (SInv)
Your four strong arms can wield two-handed weapons with a shield.
You occasionally shout uncontrollably at your foes.
You occasionally lose the ability to read scrolls when taking damage.


Message History

You block Rupert's attack.
Rupert hits you with a +1 great mace of protection!
You completely miss Rupert.
Rupert is severely wounded.
You block Rupert's attack.
You hit Rupert.
Rupert is severely wounded.
You block Rupert's attack. x2
You slash Rupert!
Rupert is severely wounded.
You block Rupert's attack.
You hit Rupert.
You feel better.
Rupert is severely wounded.
You block Rupert's attack. Rupert barely misses you.
You hit Rupert but do no damage.
Rupert is severely wounded.
Rupert hits you with a +1 great mace of protection!!!
You feel threatened and lose the ability to read scrolls!
* * * LOW HITPOINT WARNING * * *
Rupert barely misses you.
You hit Rupert but do no damage.
Rupert is severely wounded.
You block Rupert's attack.
Aiming: Upheaval
Press: ? - help, Dir - move target, f - Rupert
Aim: Rupert, wielding a +1 great mace of protection and wearing a +0 chain mail (severely wounded, berserk) That beam is likely to hit you.
Continue anyway?
A storm cloud blasts the area with cutting wind!
The cutting wind hits Rupert!!
Rupert is almost dead.
You block Rupert's attack.
Rupert is engulfed in a thunderstorm.
You block Rupert's attack.
You feel better. You block Rupert's attack.
You barely miss Rupert.
Rupert is almost dead.
You block Rupert's attack. x2
You hit Rupert but do no damage.
Rupert is almost dead.
Rupert hits you with a +1 great mace of protection!!!
You die...

#### ..# ... #.#
##.##
.######...###.###
........#........
#.@@# #...
########.##.....
............####
########<.......
#########


You could see Rupert (berserk).

Vanquished Creatures
  4 two-headed ogres
  Lodul (D:12)
  2 cyclopes (D:11)
  An ugly thing (D:12)
  An unseen horror (D:10)
  A gargoyle (D:11)
  3 trolls
  11 slime creatures (D:12)
  2 shadows
  A wraith (D:12)
  15 yaks
  A basilisk (D:11)
  2 steam dragons
  2 acid dragons
  A black bear (D:5)
  A sky beast (D:6)
  12 orc warriors
  2 centaurs
  9 ogres
  2 phantoms
  5 kobold brigands
  6 bullfrogs
  Blork the orc (D:5)
  5 scorpions
  6 wights
  16 killer bees
  5 howler monkeys (D:9)
  A crimson imp (D:3)
  7 hounds
  2 gnoll boudas
  4 jellies
  8 orc priests
  2 sleepcaps
  3 iguanas
  13 orc wizards
  A hell rat (Sewer)
  3 mummies (Ossuary)
  4 adders
  15 gnolls
  3 river rats
  A shadow imp (D:6)
  A white imp (D:7)
  An ufetubus (D:5)
  An adder zombie (Ossuary)
  4 worms
  4 dart slugs
  43 orcs
  4 ball pythons
  7 endoplasms
  5 giant cockroaches
  A gnoll zombie (Ossuary)
  13 goblins
  14 hobgoblins
  5 jackals
  6 quokkas
  6 bats
  10 frilled lizards
  A goblin skeleton (D:3)
  3 goblin zombies (Ossuary)
  7 hobgoblin zombies
  34 kobolds
  A kobold skeleton (D:3)
  7 kobold zombies
  An orc zombie (D:3)
  2 quokka zombies (Ossuary)
  12 rats
  2 rat zombies (Ossuary)
380 creatures vanquished.

Vanquished Creatures (others)
  An orc wizard (D:10)
1 creature vanquished.

Grand Total: 381 creatures vanquished

Notes
Turn   | Place    | Note
-------+----------+-------------------------------------------
     0 | D:1      | lonewolfV2 the Formicid Fighter began the quest for the
                  | Orb.
     0 | D:1      | Reached XP level 1. HP: 18/18 MP: 1/1
    71 | D:1      | Found a faded altar of an unknown god.
    88 | D:1      | Reached XP level 2. HP: 24/24 MP: 2/2
   198 | D:1      | Reached XP level 3. HP: 27/30 MP: 3/3
   650 | D:1      | Reached XP level 4. HP: 32/37 MP: 4/4
  2219 | D:3      | Found a shimmering altar of Xom.
  2267 | D:3      | Reached XP level 5. HP: 40/43 MP: 5/5
  2476 | D:3      | Noticed MoonRiver's ghost (amateur MiMo)
  2484 | D:3      | Found a runed translucent gate.
  2484 | D:3      | Found a runed translucent gate.
  2500 | D:3      | Found a runed translucent gate.
  2720 | D:3      | Reached skill level 5 in Fighting
  2861 | D:3      | Reached XP level 6. HP: 49/51 MP: 6/6
  2864 | D:3      | Found a glowing golden altar of the Shining One.
  3086 | D:4      | Found a sparkling altar of Nemelex Xobeh.
  3093 | D:4      | Noticed an ogre
  3103 | D:4      | Killed an ogre
  3248 | D:4      | Found a glowing drain.
  3252 | Sewer    | Entered a sewer
  3644 | D:4      | Reached skill level 5 in Axes
  3644 | D:4      | Reached XP level 7. HP: 32/58 MP: 7/7
  4269 | D:4      | Found a hazy altar of Hepliaklqana.
  4285 | D:4      | Found a burning altar of Makhleb.
  4645 | D:5      | Entered Level 5 of the Dungeon
  4660 | D:5      | Reached XP level 8. HP: 65/66 MP: 8/8
  4737 | D:5      | Found an ornate altar of the Wu Jian Council.
  4864 | D:5      | Noticed a yak
  4884 | D:5      | Killed a yak
  4885 | D:5      | Reached skill level 5 in Armour
  4885 | D:5      | Reached skill level 5 in Shields
  4899 | D:5      | Reached skill level 6 in Shields
  5056 | D:5      | Reached XP level 9. HP: 68/72 MP: 9/9
  5166 | D:5      | Found a sand-covered staircase.
  5187 | Ossuary  | Entered an ossuary
  5491 | Ossuary  | Gained mutation: You occasionally shout uncontrollably at
                  | your foes. [potion of mutation]
  5491 | Ossuary  | Gained mutation: You occasionally lose the ability to read
                  | scrolls when taking damage. [potion of mutation]
  5497 | Ossuary  | Reached skill level 10 in Invocations
  5497 | Ossuary  | Reached XP level 10. HP: 79/79 MP: 9/17
  5804 | D:5      | Reached skill level 7 in Shields
  5810 | D:5      | Found an ancient bone altar of Kikubaaqudgha.
  5845 | D:5      | Noticed Blork the orc
  5851 | D:5      | Killed Blork the orc
  6064 | D:6      | Found a shadowy altar of Dithmenos.
  6106 | D:6      | Found a staircase to the Ecumenical Temple.
  6245 | Temple   | Entered the Ecumenical Temple
  6296 | D:6      | You fall into a shaft and drop 1 floor!
  6307 | D:7      | Identified the staff of conjuration "Joxeotsu" {rF+ Str+6
                  | Int+4 Dex+3}
  6338 | D:6      | Found Botecie's Magic Scroll Boutique.
  6479 | D:6      | Found Winaqesiz's Antique Weapon Shoppe.
  6508 | D:6      | Found a stormy altar of Qazlal.
  6526 | D:6      | Became a worshipper of Qazlal Stormbringer
  6559 | D:6      | Reached skill level 8 in Shields
  6561 | D:6      | Found a radiant altar of Vehumet.
  6614 | D:6      | Found Ureant's Armour Boutique.
  6717 | D:6      | Found an iron altar of Okawaru.
  6754 | D:6      | Found a bloodstained altar of Trog.
  6901 | D:6      | Found a basalt altar of Yredelemnul.
  7613 | D:8      | Reached * piety under Qazlal
  7851 | D:8      | Found a shimmering blue altar of Sif Muna.
  8028 | D:8      | Reached skill level 9 in Shields
  8075 | D:8      | Reached XP level 11. HP: 76/84 MP: 18/18
  8080 | D:8      | Reached ** piety under Qazlal
  8186 | D:8      | Found a snail-covered altar of Cheibriados.
  9272 | D:9      | Reached skill level 10 in Shields
  9417 | D:10     | Entered Level 10 of the Dungeon
  9492 | D:10     | Noticed a two-headed ogre
  9508 | D:10     | Killed a two-headed ogre
  9651 | D:10     | Reached skill level 11 in Shields
  9717 | D:10     | Reached *** piety under Qazlal
 10066 | D:10     | Found Kaonissu's Book Shop.
 10548 | D:11     | Noticed a two-headed ogre
 10549 | D:11     | Killed a two-headed ogre
 10639 | D:11     | Found a staircase to the Lair.
 10655 | D:11     | Noticed a cyclops
 10665 | D:11     | Reached skill level 12 in Shields
 10668 | D:11     | Killed a cyclops
 10669 | D:11     | Reached XP level 12. HP: 56/91 MP: 14/19
 10835 | D:11     | Noticed a two-headed ogre
 10841 | D:11     | Killed a two-headed ogre
 10842 | D:11     | Reached skill level 10 in Axes
 11164 | D:11     | Noticed a two-headed ogre
 11177 | D:11     | Killed a two-headed ogre
 11667 | D:11     | Reached skill level 13 in Shields
 11717 | D:12     | Found a staircase to the Orcish Mines.
 11987 | D:12     | Noticed Lodul
 12004 | D:12     | Killed Lodul
 12612 | D:13     | Noticed Rupert
 12655 | D:13     | Mangled by Rupert

Illustrated notes

Levels and vault maps discovered:
D:1:      matt_arrival_spirals, layout_basic, shapermc_ecumenical_altar_pompeii,
          minmay_lizard_pond
D:2:      layout_loops_corners
D:3:      kennysheep_six_static_rooms, layout_rooms,
          mainiacjoe_overflow_concentric_impassable,
          nicolae_tso_besieged_by_evil, gammafunk_ghost_split,
          serial_bayou_crossing
D:4:      layout_basic, mainiacjoe_overflow_tiny_flanked, lemuel_round_altar,
          worldfamousw_hep_ancestral_shrine, gup_sewer_entry_spiral,
          minmay_goblin_outpost
D:5:      layout_basic, mainiacjoe_overflow_chevrons,
          mainiacjoe_overflow_catwalk, enter_ossuary_1,
          minmay_chambers_of_fives, uniq_blork_the_orc
D:6:      layout_loops_ring, mainiacjoe_overflow_alcove_1,
          mainiacjoe_overflow_alcove_4, okawaru_metal_pillars_3,
          mainiacjoe_overflow_boulevard, nicolae_qazlal_beasts_of_the_sky,
          nicolae_vehumet_radiance, minmay_temple_entry_junction_2,
          serial_shops, nicolae_shop_behind_doors, nicolae_shop_crystal,
          nicolae_lakefront_shop
D:7:      layout_loops_ring
D:8:      layout_basic, lemuel_doored_altar, mainiacjoe_overflow_surrounded_room
D:9:      layout_small_grid, minmay_misc_feat_chi, dreamdust_wishing_well
D:10:     layout_basic, serial_shops, nicolae_shop_tiny_statue_garden
D:11:     layout_irregular_city, lair_entry_dummy, serial_column_ruins,
          column_ruins_hut, column_ruins_open_small_water,
          column_ruins_open_small_water, column_ruins_columns_corner,
          column_ruins_corridor_straight, column_ruins_corridor_T,
          eino_curves_01
D:12:     layout_cave_pods, david_orc_5, uniq_lodul
D:13:     layout_loops_ring, david_vaults_5, uniq_nessos, uniq_rupert
Temple:   hellmonk_temple_two_chambers

Skill      XL: |  1  2  3  4  5  6  7  8  9 10 11 12 |
---------------+-------------------------------------+-----
Fighting       | 4 5 6 7 8 |  8.8
Axes           | 3 4 5 6 7 9 11 | 11.0
Armour         | 6 11 | 11.6
Shields        | 6 9 12 13 | 13.6
Invocations    | 10 | 10.2

Action                     |  1- 3 |  4- 6 |  7- 9 | 10-12 || total
---------------------------+-------+-------+-------+-------++-------
  Melee: War axe           |    78 |   195 |   178 |   713 ||  1164
 Invoke: Upheaval          |       |       |       |     9 ||     9
         Elemental Force   |       |       |       |     1 ||     1
Ability: Dig               |       |       |     1 |       ||     1
    Use: Scroll            |       |     9 |     3 |     6 ||    18
         Potion            |       |     1 |     7 |     8 ||    16
 Armour: Scale mail        |    40 |    86 |    59 |       ||   185
         Chain mail        |       |       |    15 |   159 ||   174
         Plate armour      |       |       |       |   142 ||   142
  Dodge: Dodged            |    50 |    72 |    49 |   203 ||   374
  Block: Buckler           |    28 |    26 |       |       ||    54
         Tower shield      |       |   112 |   170 |   857 ||  1139
